 Dungeon Crawl Stone Soup version 0.18.1-8-gdd0e5ea (webtiles) character file.

1086 Gagarin the Shield-Bearer (level 8, -6/71 HPs)
             Began as a Minotaur Fighter on May 31, 2016.
             Was a Follower of Qazlal.
             Mangled by Menkaure (22 damage)
             ... on level 7 of the Dungeon.
             The game lasted 00:13:45 (4125 turns).

Gagarin the Shield-Bearer (Minotaur Fighter)        Turns: 4125, Time: 00:13:46

Health: -6/71      AC: 11    Str: 22    XL:     8   Next: 9%
Magic:  7/7        EV:  9    Int:  6    God:    Qazlal [*.....]
Gold:   250        SH: 12    Dex: 10    Spells: 0 memorised, 7 levels left

rFire  . . .     SeeInvis .     a - +0 long sword
rCold  . . .     Gourm    .     b - +0 scale mail
rNeg   . . .     Faith    .     c - +0 shield
rPois  .         Spirit   .     (helmet restricted)
rElec  .         Dismiss  .     P - +0 cloak
rCorr  +         Reflect  .     (no gloves)
SustAt .         Harm     +     N - +1 pair of boots
MR     .....                    x - amulet of harm
Stlth  ..........               (no ring)
                                y - ring of resist corrosion

@: not resistant to hostile enchantments, extremely unstealthy
A: retaliatory headbutt, horns 2
a: Renounce Religion


You were on level 7 of the Dungeon.
You worshipped Qazlal.
Qazlal was aware of your devotion.
You were hungry.

You visited 1 branch of the dungeon, and saw 7 of its levels.
You also visited: Ossuary.

You collected 250 gold pieces.

Inventory:

Hand Weapons
 a - a +0 long sword (weapon)
 u - a +0 blowgun
Missiles
 v - 11 poisoned needles
Armour
 b - a +0 scale mail (worn)
 c - a +0 shield (worn)
 N - a +1 pair of boots (worn)
 P - a +0 cloak (worn)
Jewellery
 x - an amulet of harm (around neck)
 y - a ring of resist corrosion (left hand)
 E - an uncursed ring of ice
Scrolls
 e - 4 scrolls of fog {unknown}
 h - 10 scrolls of identify
 k - 2 scrolls of enchant weapon {unknown}
 o - 3 scrolls of random uselessness {unknown}
 q - 3 scrolls of remove curse {unknown}
 t - a scroll of noise {unknown}
 w - 2 scrolls of blinking {unknown}
 z - 3 scrolls of teleportation {unknown}
 C - 5 scrolls of enchant armour {unknown}
 D - a scroll of recharging {unknown}
 G - 2 scrolls of immolation {unknown}
 I - a scroll of magic mapping {unknown}
 K - a scroll of amnesia {unknown}
 L - 2 scrolls of fear {unknown}
Potions
 d - a potion of might
 i - a potion of berserk rage {unknown}
 j - 4 potions of cancellation
 l - 2 potions of beneficial mutation {unknown}
 m - 2 potions of agility {unknown}
 n - 4 potions of curing {unknown}
 p - 2 potions of mutation {unknown}
 r - a potion of lignification {unknown}
 s - 2 potions of invisibility {unknown}
 B - a potion of brilliance {unknown}
 F - 2 potions of flight {unknown}
 J - a potion of heal wounds {unknown}
Books
 O - a book of Debilitation

   Spells                             Type                      Level
   a - Corona                         Hexes                        1
   b - Slow                           Hexes                        2
   c - Gell's Gravitas                Hexes/Translocation          3
   d - Inner Flame                    Hexes/Fire                   3
   e - Cause Fear                     Hexes                        4
   f - Leda's Liquefaction            Hexes/Earth                  4
Comestibles
 f - 5 bread rations
 g - a meat ration
 A - a beef jerky
 H - a slice of pizza
 M - 2 chunks of flesh


   Skills:
 + Level 6.4 Fighting
 + Level 5.8 Long Blades
 + Level 5.9 Armour
 + Level 3.6 Dodging
 + Level 0.6 Stealth
 + Level 6.5 Shields


You had 7 spell levels left.
You didn't know any spells.

Dungeon Overview and Level Annotations

Branches:
Dungeon (7/15)             Temple (0/1) D:6

Altars:
Ashenzari
Elyvilon
Gozag
Pakellas
Qazlal
Yredelemnul
The Shining One

Shops:
D:7 *

Annotations:
D:7 Menkaure


Innate Abilities, Weirdness & Mutations

You reflexively headbutt those who attack you in melee.
You have a pair of horns on your head.


Message History

You hit the ogre.
You kill the ogre!
Qazlal accepts your kill.
You have reached level 8!
You feel agile. The adder skeleton closely misses you.
The adder skeleton bites you.
You completely miss Menkaure. You block the adder skeleton's attack.
Menkaure hits you!
You hit Menkaure.
Menkaure is lightly damaged.
You block the adder skeleton's attack.
Menkaure points at you and mumbles some strange words.
Pain shoots through your body!
* * * LOW HITPOINT WARNING * * *
Drink which item? (? for menu, Esc to quit)
It was a potion of cancellation.
You feel magically purged. You block the adder skeleton's attack.
The adder skeleton bites you but does no damage.
Menkaure hits you!!
You die...

.....Z≈..∩..._......#...
......≈.⌠.⌠....≈........
###..<≈.....≈≈≈≈........
....#.≈≈≈≈≈≈≈....##.##..
### ##.....l#.#.(# .# ..
##.....#.#..# .#
.M..##.#.#..#
##.###.#....#
#.###.#@Z#.....
......M..#.....
......#.##.....
......#.# Z. ?...# ... .
.... #.. ... #... ..
#... #.#..


You could see Menkaure and an adder skeleton.

Vanquished Creatures
  An ogre (D:7)
  A sky beast (D:6)
  A centaur (D:6)
  An elf zombie (Ossuary)
  A big kobold (D:4)
  2 giant frogs (D:7)
  A scorpion (D:4)
  A giant frog zombie (D:6)
  2 crimson imps
  A centaur zombie (D:7)
  2 hounds
  A jelly (D:7)
  3 worker ants
  3 mummies (Ossuary)
  9 adders
  A shadow imp (D:5)
  2 worms
  A dart slug (D:3)
  4 giant geckos
  5 orcs
  A ball python (D:2)
  4 bats
  5 giant cockroaches
  3 goblins
  9 hobgoblins
  A quokka (D:2)
  A giant gecko skeleton (D:5)
  8 giant newts
  3 goblin zombies (Ossuary)
  6 hobgoblin zombies (Ossuary)
  A jackal skeleton (D:4)
  8 kobolds
  2 kobold zombies (Ossuary)
  A quokka skeleton (D:4)
  A quokka zombie (Ossuary)
  10 rats
  5 rat zombies (Ossuary)
112 creatures vanquished.

Notes
Turn   | Place    | Note
--------------------------------------------------------------
     0 | D:1      | Gagarin the Minotaur Fighter began the quest for the Orb.
     0 | D:1      | Reached XP level 1. HP: 19/19 MP: 0/0
   295 | D:1      | Reached XP level 2. HP: 23/27 MP: 1/1
   710 | D:2      | Reached XP level 3. HP: 31/33 MP: 2/2
   731 | D:2      | Reached skill level 1 in Dodging
   930 | D:2      | Found a faded altar to an unknown god.
  1105 | D:3      | Reached XP level 4. HP: 28/41 MP: 3/3
  1281 | D:3      | Found a stormy altar of Qazlal.
  1284 | D:3      | Found a white marble altar of Elyvilon.
  1290 | D:3      | Became a worshipper of Qazlal Stormbringer
  1729 | D:4      | Reached XP level 5. HP: 26/47 MP: 4/4
  2367 | D:4      | Reached XP level 6. HP: 55/55 MP: 5/5
  2399 | D:5      | Entered Level 5 of the Dungeon
  2405 | D:5      | Found a sand-covered staircase.
  2411 | Ossuary  | Entered an ossuary
  2423 | Ossuary  | Reached skill level 5 in Armour
  2517 | Ossuary  | Reached skill level 5 in Fighting
  2549 | Ossuary  | Reached * piety under Qazlal
  2847 | D:5      | Found a shattered altar of Ashenzari.
  2852 | D:5      | Saw a vision of the Shoals and the Snake Pit.
  2852 | D:5      | Noticed a naga ritualist
  2852 | D:5      | Noticed a naga sharpshooter
  2852 | D:5      | Noticed a naga
  2852 | D:5      | Noticed a shock serpent
  2852 | D:5      | Noticed a naga mage
  2852 | D:5      | Noticed a merfolk
  2852 | D:5      | Noticed a siren
  2852 | D:5      | Noticed a merfolk
  2854 | D:5      | Noticed a mana viper
  2854 | D:5      | Noticed a black mamba
  2855 | D:5      | Noticed a black mamba
  2855 | D:5      | Noticed an anaconda
  2856 | D:5      | Noticed a naga mage
  3190 | D:6      | Found an oddly glowing altar of Pakellas.
  3210 | D:6      | Noticed a sky beast
  3227 | D:6      | Killed a sky beast
  3227 | D:6      | Reached skill level 5 in Long Blades
  3227 | D:6      | Reached skill level 5 in Shields
  3227 | D:6      | Reached XP level 7. HP: 43/61 MP: 6/6
  3444 | D:6      | Found a glowing golden altar of the Shining One.
  3759 | D:6      | Found a staircase to the Ecumenical Temple.
  3766 | D:6      | Found a basalt altar of Yredelemnul.
  4037 | D:7      | Found an opulent altar of Gozag.
  4037 | D:7      | Found Gozag's Platinum Reserve.
  4107 | D:7      | Noticed Menkaure
  4121 | D:7      | Reached XP level 8. HP: 44/71 MP: 7/7
  4125 | D:7      | Mangled by Menkaure

Skill      XL: |  1  2  3  4  5  6  7 |
---------------+----------------------+-----
Armour         | 4 5 |  5.9
Fighting       | 4 5 6 |  6.4
Dodging        | 1 2 3 |  3.6
Shields        | 4 5 6 |  6.5
Long Blades    | 3 4 5 |  5.8
Stealth        | |  0.6

Action                   |  1- 3 |  4- 6 |  7- 9 || total
-------------------------+-------+-------+-------++-------
Melee: Long sword        |   107 |   177 |    73 ||   357
       Headbutt          |    17 |    27 |    13 ||    57
  Use: Scroll            |       |     1 |       ||     1
       Potion            |       |       |     1 ||     1
  Eat: Chunk             |     1 |     7 |     2 ||    10
Armor: Scale mail        |    49 |    48 |    27 ||   124
Dodge: Dodged            |    28 |    38 |    19 ||    85
Block: Shield            |    51 |    77 |    48 ||   176
